 Dungeon Crawl Stone Soup version 0.25.1-2-g60ff931df9 (webtiles) character file.

Game seed: 18391660467280223032

371 growler the Gusty (level 6, -2/32 HPs)
             Began as a Tengu Air Elementalist on Oct 23, 2020.
             Slain by an orc wizard
             ... wielding a +0 flail
              (12 damage)
             ... on level 4 of the Dungeon.
             The game lasted 00:12:30 (4474 turns).

growler the Gusty (Tengu Air Elementalist)          Turns: 4474, Time: 00:12:31

Health: -2/32      AC:  2    Str:  8    XL:     6   Next: 70%
Magic:  7/12       EV: 15    Int: 18    God:
Gold:   176        SH:  0    Dex: 14    Spells: 2/12 levels left

rFire    . . .     SeeInvis .   p - +0 quarterstaff
rCold    . . .     Gourm    .   (shield currently unavailable)
rNeg     . . .     Faith    .   a - +0 robe
rPois    .         Spirit   .   (helmet restricted)
rElec    .         Reflect  .   (no cloak)
rCorr    .         Harm     .   (no gloves)
MR       .....                  (boots unavailable)
Stlth    ++........             (no amulet)
HPRegen  0.10/turn              (no ring)
MPRegen  0.13/turn              (no ring)

@: flying quickly and evasively, quick
A: beak, talons 3, able to fly
a: Stop Flying


You were on level 4 of the Dungeon.
You were hungry.

You visited 1 branch of the dungeon, and saw 4 of its levels.

You collected 176 gold pieces.

Inventory:

Hand Weapons
 p - a +0 quarterstaff (weapon)
   (You took it off a gnoll on level 2 of the Dungeon)
Armour
 a - a +0 robe (worn)
Scrolls
 b - 2 scrolls of teleportation {unknown}
 d - 5 scrolls of remove curse {@r2}
 f - a scroll of amnesia {unknown}
 g - a scroll of fear {unknown}
 i - 3 scrolls of identify {@r1}
 k - 2 scrolls of enchant armour {unknown}
 l - 3 scrolls of immolation {!r}
 o - a scroll of magic mapping {unknown}
 t - a scroll of random uselessness {unknown}
 u - a scroll of blinking {unknown}
Potions
 c - 4 potions of curing {@q1}
 h - a potion of flight {unknown}
 j - 4 potions of might {unknown}
 m - a potion of degeneration {unknown}
 n - a potion of magic {unknown}
 q - a potion of heal wounds {@q2}
 s - a potion of haste {unknown}
Comestibles
 e - 5 rations {!d}


   Skills:
 - Level 2.1 Dodging
 - Level 2.0 Stealth
 + Level 3.9 Spellcasting
 + Level 5.0 Conjurations
 + Level 6.5 Air Magic


You had 2 spell levels left.
You knew the following spells:

 Your Spells              Type           Power        Failure   Level  Hunger
a - Shock                 Conj/Air       ###.         1%          1    None
b - Airstrike             Air            ####......   10%         4    ####...
d - Static Discharge      Conj/Air       ###.....     4%          3    ###....
s - Swiftness             Chrm/Air       ###.....     6%          2    ##.....

Your spell library contained the following spells:

 Spells                   Type           Power        Failure   Level  Hunger
 Lightning Bolt           Conj/Air       ###.......   36%         5    ######.


Dungeon Overview and Level Annotations

Branches:
Dungeon (4/15)
 Temple: D:4-7

Altars:
Uskayaw
Zin


Innate Abilities, Weirdness & Mutations

You have a beak for a mouth.
You have claws for feet.
You can fly continuously.


Message History

The zap hits the iguana.
The orc wizard mumbles some strange words.
The orc wizard blinks!
The iguana bites you!
* * * LOW HITPOINT WARNING * * *
The zap hits the iguana.
The zap hits the quokka!
You kill the quokka!
The zap hits the iguana.
The iguana bites you.
* * * LOW HITPOINT WARNING * * *
The orc wizard mumbles some strange words.
The orc wizard seems to speed up.
The zap hits the iguana. x2
You kill the iguana!
Your Conjurations skill increases to level 5!
The spell is quite dangerous to cast (10% risk of failure)!
Continue anyway?
Okay, then.
The orc wizard points at you and mumbles some strange words.
The puff of flame misses you.
The zap misses the orc wizard. x2
The orc wizard casts a spell.
The orc wizard blinks!
The zap hits the orc wizard.
The zap hits the orc wizard but does no damage.
The orc wizard mumbles some strange words.
The orc wizard blinks!
The orc wizard looks satisfied for a moment.
The orc wizard hits you with a +0 flail.
* * * LOW HITPOINT WARNING * * *
The zap hits the orc wizard.
The zap hits the orc wizard but does no damage.
You are feeling hungry.
The orc wizard points at you and mumbles some strange words.
The magic dart hits you.
* * * LOW HITPOINT WARNING * * *
As you read the scroll labeled RYNEDU QEVILEV, it crumbles to dust.
The creatures around you are filled with an inner flame!
It was a scroll of immolation.
The orc wizard barely misses you. The orc wizard closely misses you.
It was a potion of curing.
You feel better.
The orc wizard hits you but does no damage.
The orc wizard barely misses you.
As you read the scroll labeled AREVEUCIE TAIS, it crumbles to dust.
You feel blessed for a moment.
It was a scroll of remove curse.
The orc wizard closely misses you. The orc wizard misses you.
The orc wizard gestures wildly while chanting.
The orc wizard seems to speed up.
As you read the scroll labeled GATEZI EREPNOD, it crumbles to dust.
It is a scroll of identify.
q - a potion of heal wounds The orc wizard hits you with a +0 flail!
You die...

..........$.#
............####
..............)#
..............#
............#
#..#......#
##........#
######.$........
#.@oo..####...##
#o####.# #...
#.####+#### ##
#.#.......# .
#.#.⌠...⌠.######..#
#.#.......##.....#
#.'...⌠...'..####
###)......#.....###
#.⌠...⌠.#........


You could see 3 orc wizards.

Vanquished Creatures
  A big kobold (D:3)
  2 hounds (D:3)
  A bullfrog skeleton (D:3)
  An iguana (D:4)
  4 gnolls (D:2)
  7 adders
  2 oozes (D:1)
  2 adder skeletons (D:4)
  A worm (D:2)
  A dart slug (D:1)
  A leopard gecko (D:3)
  A giant cockroach (D:3)
  13 goblins
  5 hobgoblins
  4 jackals
  3 quokkas
  A ball python (D:3)
  6 bats
  6 frilled lizards
  A jackal skeleton (D:4)
  7 kobolds
  7 rats
77 creatures vanquished.

Notes
Turn   | Place    | Note
-------+----------+-------------------------------------------
     0 | D:1      | growler the Tengu Air Elementalist began the quest for the
                  | Orb.
     0 | D:1      | Reached XP level 1. HP: 10/10 MP: 4/4
   224 | D:1      | Reached XP level 2. HP: 15/15 MP: 0/6
   746 | D:1      | Reached XP level 3. HP: 19/19 MP: 4/7
   750 | D:1      | Learned a level 2 spell: Swiftness
   756 | D:1      | Learned a level 3 spell: Static Discharge
  1149 | D:2      | Found a hide-covered altar of Uskayaw.
  1150 | D:2      | Noticed a +0 dagger
  1150 | D:2      | Noticed a +0 dagger
  1535 | D:2      | Reached XP level 4. HP: 24/24 MP: 5/9
  1768 | D:2      | Reached skill level 5 in Air Magic
  1983 | D:2      | Found a glowing silver altar of Zin.
  2298 | D:2      | Gained mutation: You can fly continuously. [Tengu growth]
  2298 | D:2      | Reached XP level 5. HP: 18/28 MP: 2/10
  2300 | D:2      | HP: 1/28 [gnoll/cursed -2 spear (7)]
  2830 | D:3      | Noticed a big kobold
  2860 | D:3      | Killed a big kobold
  2861 | D:3      | Reached skill level 6 in Air Magic
  2861 | D:3      | Reached XP level 6. HP: 14/32 MP: 0/12
  3486 | D:3      | Learned a level 4 spell: Airstrike
  4466 | D:4      | Reached skill level 5 in Conjurations
  4470 | D:4      | HP: 1/32 [orc wizard/magic dart (6)]
  4474 | D:4      | Slain by an orc wizard

Illustrated notes

Levels and vault maps discovered:
D:1:      nicolae_arrival_washed_ashore, layout_loops_ring
D:2:      layout_basic, dancing_weapons_uskayaw, zin_statuary
D:3:      layout_basic, minmay_pentomino_pile
D:4:      layout_rooms, first_ration, serial_shops, nicolae_shop_behind_doors,
          minmay_fountain_box, minmay_bent

Skill      XL: |  1  2  3  4  5  6 |
---------------+-------------------+-----
Conjurations   | 2 3 4 5 |  5.0
Air Magic      | 5 6 |  6.5
Spellcasting   | 3 |  3.9
Dodging        | |  2.1
Stealth        | |  2.0

Action                   |  1- 3 |  4- 6 || total
-------------------------+-------+-------++-------
Melee: Quarterstaff      |       |    18 ||    18
       Peck              |       |     3 ||     3
       Kick              |       |     2 ||     2
 Cast: Shock             |    66 |    91 ||   157
       Static Discharge  |       |     6 ||     6
       Airstrike         |       |     2 ||     2
 Abil: Fly               |       |     1 ||     1
  Use: Scroll            |       |     3 ||     3
       Potion            |       |     1 ||     1
  Eat: Chunk             |     2 |    10 ||    12
Armor: Robe              |     2 |     4 ||     6
Dodge: Dodged            |     7 |    41 ||    48
